 Dungeon Crawl Stone Soup version 0.30.0-10-gfe55d96785 (webtiles) character file.

Game seed: 11170366711769880777

40 Persephone the Digger (level 3, -2/20 HPs)
             Began as a Deep Elf Earth Elementalist on May 13, 2023.
             Slain by a sky beast (5 damage)
             ... on level 3 of the Dungeon.
             The game lasted 00:04:20 (2108 turns).

Persephone the Digger (Deep Elf Earth Elementalist) Turns: 2108, Time: 00:04:21

Health: -2/20      AC:  2    Str:  5    XL:     3   Next: 30%
Magic:  9/10       EV: 12    Int: 21    God:
Gold:   139        SH:  0    Dex: 15    Spells: 6/9 levels left

rFire   . . .        o - +0 long sword
rCold   . . .        (no shield)
rNeg    . . .        a - +0 robe
rPois   .            (no helmet)
rElec   .            (no cloak)
rCorr   .            (no gloves)
SInv    .            (no boots)
Will    .....        (no amulet)
Stlth   ++           (no ring)
HPRegen 0.23/turn    (no ring)
MPRegen 0.12/turn

%: no passive effects
@: no status effects
A: no striking features
a: no special abilities


You were on level 3 of the Dungeon.
You visited 1 branch of the dungeon, and saw 3 of its levels.

You collected 139 gold pieces.

Inventory:

Hand Weapons
 o - a +0 long sword (weapon)
Armour
 a - a +0 robe (worn)
Scrolls
 c - a scroll of teleportation
 e - 4 scrolls of identify
 g - a scroll of silence
 h - a scroll of torment {unknown}
Potions
 b - a potion of magic
 d - 5 potions of curing
 f - a potion of might {unknown}
 i - a potion of flight {unknown}
 j - a potion of lignification {unknown}
 n - a potion of haste {unknown}


   Skills:
 + Level 1.1 Fighting
 - Level 2.4 Dodging
 - Level 2.4 Stealth
 + Level 3.6 Spellcasting
 + Level 0.8 Conjurations
 - Level 1.6 Transmutations
 + Level 3.7 Earth Magic


You had 6 spell levels left.
You knew the following spells:

 Your Spells              Type           Power      Damage    Failure   Level
a - Sandblast             Erth           38%        2d10      2%          1
b - Lesser Beckoning      Tloc           6%         N/A       19%         2

Your spell library contained the following spells:

 Spells                   Type           Power      Damage    Failure   Level
 Passwall                 Tmut/Erth      12%        N/A       6%          2
 Stone Arrow              Conj/Erth      26%        3d8       14%         3
 Momentum Strike          Conj/Tloc      10%        3d8       16%         2
 Blink                    Tloc           6%         N/A       19%         2
 Portal Projectile        Hex/Tloc       6%         N/A       36%         3
 Tukima's Dance           Hex            3%         N/A       36%         3
 Petrify                  Tmut/Erth      15%        N/A       38%         4
 Blade Hands              Tmut           5%         N/A       87%         5


Dungeon Overview and Level Annotations

Branches:
Dungeon (3/15)

Altars:
Cheibriados

Shops:
D:2 =


Message History

You see here a frilled lizard corpse.
You see here a frilled lizard corpse.
A hobgoblin comes into view.
A hobgoblin is nearby!
A hobgoblin is nearby!
The blast of sand hits the hobgoblin!
You kill the hobgoblin!
You can't see any susceptible monsters within range! (Use Z to cast anyway.)
You now have 139 gold pieces (gained 15).
j - a smoky inky potion A sky beast comes into view.
A jackal comes into view.
There are monsters nearby!
The blast of sand hits the jackal!
You kill the jackal!
A jackal comes into view.
You can't see any susceptible monsters within range! (Use Z to cast anyway.)
You can't see any susceptible monsters within range! (Use Z to cast anyway.)
You can't see any susceptible monsters within range! (Use Z to cast anyway.)
The blast of sand hits the sky beast!
The sky beast is moderately wounded.
The sky beast flickers out of sight!
Deactivating autopickup; reactivate with Ctrl-A.
You can't see any susceptible monsters within range! (Use Z to cast anyway.) Sorry, you're not good enough to have a special ability.
Casting: Sandblast (safe; 2% risk of failure)
Confirm with . or Enter, or press ? or * to list all spells.
You can't see any susceptible monsters within range! (Use Z to cast anyway.)
Casting: Sandblast (safe; 2% risk of failure)
Confirm with . or Enter, or press ? or * to list all spells.
You don't know that spell.
Casting: Sandblast (safe; 2% risk of failure)
Confirm with . or Enter, or press ? or * to list all spells.
You don't know that spell.
Something hits you. Something shocks you.
You miss something. Something hits you. Something shocks you.
* * * LOW HITPOINT WARNING * * *
You miss something. Something hits you.
* * * LOW HITPOINT WARNING * * *
Something shocks you.
You die...

##....## ####......#
#######....####...# #
....<...#### ..# ..
######### .. ... ....
########. .....
####........######.†....
...††########...@{h.....
.####.........####......
###...######### .....
.†..### .... #### ... .#
#


You could see a jackal (wandering).

Vanquished Creatures
  An adder (D:3)
  2 dart slugs
  A bat (D:2)
  3 endoplasms
  A giant cockroach (D:2)
  2 hobgoblins
  A jackal (D:3)
  A quokka (D:3)
  2 ball pythons
  5 frilled lizards
  2 goblins
  3 kobolds
  6 rats
30 creatures vanquished.

Notes
Turn   | Place    | Note
-------+----------+-------------------------------------------
     0 | D:1      | Persephone the Deep Elf Earth Elementalist began the quest
                  | for the Orb.
     0 | D:1      | Reached XP level 1. HP: 10/10 MP: 6/6
   295 | D:1      | You fall into a shaft and drop 1 floor!
   301 | D:2      | Reached XP level 2. HP: 16/16 MP: 5/8
   982 | D:1      | Learned a level 2 spell: Lesser Beckoning
  1117 | D:2      | Found Yraeghif's Jewellery Emporium.
  1436 | D:2      | Found a snail-covered altar of Cheibriados.
  2033 | D:3      | Reached XP level 3. HP: 20/20 MP: 8/10
  2054 | D:3      | Reached skill level 1 in Fighting
  2100 | D:3      | Noticed a sky beast
  2108 | D:3      | Slain by a sky beast

Illustrated notes

Levels and vault maps discovered:
D:1:      denvon_arrival_planthouse, layout_basic, moated_statue,
          due_unseen_surprise
D:2:      kennysheep_big_flooded_room, layout_basic, basic_altar, serial_shops,
          nicolae_shop_crystal
D:3:      layout_rooms, ashenzari_conservatory_becter

Skill      XL: |  1  2  3 |
---------------+----------+-----
Fighting       | 1 |  1.1
Dodging        | |  2.4
Stealth        | |  2.4
Spellcasting   | |  3.6
Conjurations   | |  0.8
Transmutations | |  1.6
Earth Magic    | |  3.7

Action                     || total
---------------------------++-------
  Melee: Long sword        ||     2
   Cast: Sandblast         ||    40
    Use: Scroll            ||     7
 Armour: Robe              ||     1
  Dodge: Dodged            ||     1
